 Dungeon Crawl Stone Soup version 0.23-a0-85-g22930c1 (webtiles) character file.

70 Amnesiac the Digger (level 4, -1/30 HPs)
             Began as a Mummy Earth Elementalist on Aug 13, 2018.
             Slain by a gnoll
             ... wielding a +0 spear
              (7 damage)
             ... on level 4 of the Dungeon.
             The game lasted 00:01:29 (991 turns).

Amnesiac the Digger (Mummy Earth Elementalist)       Turns: 991, Time: 00:01:29

Health: -1/30      AC:  2    Str: 11    XL:     4   Next: 4%
Magic:  4/9        EV: 12    Int: 15    God:
Gold:   50         SH:  0    Dex: 12    Spells: 4/10 levels left

rFire    x . .     SeeInvis .   e - +0 hand axe
rCold    + . .     Gourm    .   (no shield)
rNeg     + + +     Faith    .   c - +0 robe
rPois    ∞         Spirit   .   (no helmet)
rElec    .         Reflect  .   (no cloak)
rCorr    .         Harm     .   (no gloves)
MR       .....                  (no boots)
Stlth    ++........             (no amulet)
HPRegen  0.10/turn              (no ring)
MPRegen  0.11/turn              (no ring)

@: no status effects
A: no food or potions, fire vulnerability, cold resistance 1, negative energy
resistance 3, torment resistance, unbreathing
a: no special abilities


You were on level 4 of the Dungeon.
You were not hungry.

You visited 1 branch of the dungeon, and saw 4 of its levels.

You collected 50 gold pieces.

Inventory:

Hand Weapons
 a - a +0 dagger
 e - a +0 hand axe (weapon)
Missiles
 b - 88 stones (quivered)
Armour
 c - a +0 robe (worn)
Jewellery
 d - a +5 ring of dexterity {unknown}
Scrolls
 f - a scroll of remove curse {!r, unknown}
 g - a scroll of amnesia {!r, unknown}
 h - a scroll of blinking {!r, unknown}


   Skills:
 - Level 1.5 Dodging
 - Level 1.5 Stealth
 + Level 3.6 Spellcasting
 - Level 0.7 Transmutations
 * Level 3.7 Earth Magic


You had 4 spell levels left.
You knew the following spells:

 Your Spells              Type           Power        Failure   Level  Hunger
a - Sandblast             Erth           ##....       4%          1    N/A
b - Passwall              Tmut/Erth      #.......     12%         2    N/A
c - Stone Arrow           Conj/Erth      #.....       26%         3    N/A

Your spell library contained the following spells:

 Spells                   Type           Power        Failure   Level  Hunger
 Lee's Rapid Deconstruct  Erth           ##........   75%         5    N/A
 Petrify                  Tmut/Erth      #.......     58%         4    N/A

Dungeon Overview and Level Annotations

Branches:
Dungeon (4/15)
 Temple: D:4-7

Altars:


Innate Abilities, Weirdness & Mutations

You do not eat or drink.
Your flesh is vulnerable to fire.
You are immune to poison.
Your flesh is cold resistant. (rC+)
You are immune to negative energy. (rN+++)
You are immune to unholy pain and torment.
You can survive without breathing.


Message History

You start resting.
HP restored.
A ball python comes into view.
A ball python is nearby!
A ball python is nearby!
A ball python is nearby!
A gnoll comes into view. It is wielding a club.
The ball python hisses angrily.
A gnoll comes into view. It is wielding a spear.
The gnoll shouts!
The ball python bites you but does no damage.
The ball python closely misses you.
You closely miss the ball python.
The gnoll shouts!
You hear a shout!
The ball python closely misses you. The ball python barely misses you.
A gnoll comes into view.
You barely miss the ball python.
The ball python bites you but does no damage.
The ball python grabs you. The ball python constricts you.
The ball python barely misses you. The ball python constricts you.
You escape the ball python's grasp.
A hound comes into view.
Casting: Sandblast (safe; 4% risk of failure)
Confirm with . or Enter, or press ? or * to list all spells.
Aiming: Sandblast (safe; 4% risk of failure)
Press: ? - help, Shift-Dir - straight line, f - ball python
Aim: a ball python The blast of sand hits the ball python.
You kill the ball python!
b - 91 stones Unknown command.
Casting: Sandblast (safe; 4% risk of failure)
Confirm with . or Enter, or press ? or * to list all spells.
Aiming: Sandblast (safe; 4% risk of failure)
Press: ? - help, Shift-Dir - straight line, f - gnoll
Aim: a gnoll, wielding a club The blast of sand hits the gnoll.
The gnoll is heavily wounded.
b - 90 stones The gnoll hits you with a club.
Casting: Sandblast (safe; 4% risk of failure)
Confirm with . or Enter, or press ? or * to list all spells.
Aiming: Sandblast (safe; 4% risk of failure)
Press: ? - help, Shift-Dir - straight line, f/p - gnoll
Aim: a gnoll, wielding a club (heavily wounded)
The blast of sand hits the gnoll.
The gnoll is severely wounded.
b - 89 stones The gnoll hits you from afar with a spear.
* * * LOW HITPOINT WARNING * * *
A gnoll comes into view. It is wielding an enchanted spear.
The gnoll hits you with a club.
* * * LOW HITPOINT WARNING * * *
Casting: Sandblast (safe; 4% risk of failure)
Confirm with . or Enter, or press ? or * to list all spells.
Aiming: Sandblast (safe; 4% risk of failure)
Press: ? - help, Shift-Dir - straight line, f/p - gnoll
Aim: a gnoll, wielding a club (severely wounded)
The blast of sand hits the gnoll.
You kill the gnoll!
You have reached level 4!
b - 88 stones The gnoll hits you from afar with a spear!
You die...

..............#
...g.........#
............#
...........# #..
..........# #....
.......g.## #......
.......g## ##........
.......#)####..........
###...##.@##...........
#### ##..............
##.............
#............#
#............#
##...........#
##...........
#........##. #.......##


You could see 3 gnolls.

Vanquished Creatures
  A hound (D:4)
  A gnoll (D:4)
  2 dart slugs (D:1)
  3 giant cockroaches
  3 goblins (D:1)
  A hobgoblin (D:2)
  2 jackals (D:3)
  A quokka (D:3)
  A ball python (D:4)
  3 bats
  4 frilled lizards
  4 kobolds (D:1)
  A rat (D:3)
27 creatures vanquished.

Notes
Turn   | Place    | Note
-------+----------+-------------------------------------------
     0 | D:1      | Amnesiac the Mummy Earth Elementalist began the quest for the Orb.
     0 | D:1      | Reached XP level 1. HP: 13/13 MP: 4/4
   409 | D:1      | Reached XP level 2. HP: 4/19 MP: 1/5
   671 | D:1      | Learned a level 2 spell: Passwall
   862 | D:4      | Reached XP level 3. HP: 17/24 MP: 7/7
   872 | D:4      | Learned a level 3 spell: Stone Arrow
   991 | D:4      | Reached XP level 4. HP: 6/30 MP: 4/9
   991 | D:4      | Slain by a gnoll

Vault maps used:
D:1:      dpeg_arrival_shrine, skrybe_limestone_x, minmay_misc_feat_room,
          st_stairs_9, minmay_small_reverse_x
D:2:      vehumet_crystals, uniq_jessica
D:3:      kennysheep_potato, uniq_robin, uniq_natasha

Skill      XL: |  1  2 |
---------------+-------+-----
Earth Magic    | 3 |  3.7
Spellcasting   | 3 |  3.6
Dodging        | |  1.5
Stealth        | |  1.5
Transmutations | |  0.7

Action                   |  1- 3 |  4- 6 || total
-------------------------+-------+-------++-------
Melee: Dagger            |    35 |       ||    35
       Unarmed           |     9 |       ||     9
       Hand axe          |    29 |       ||    29
 Cast: Sandblast         |    28 |     1 ||    29
 Stab: Sleeping          |     1 |       ||     1
Armor: Robe              |    19 |       ||    19
Dodge: Dodged            |    74 |       ||    74

Table legend:
 A = Non-vault XP
 B = Vault XP
 C = Vault XP percentage of total XP
 D = Non-vault monster count
 E = Vault monster count
 F = Vault count percentage of total count
 G = Total turns spent on level
                 A         B        C        D         E       F
            +---------+---------+-------+---------+---------+-------
      Total |      90 |      11 |  10.9 |      23 |       4 |  14.8
            +---------+---------+-------+---------+---------+-------
        D:1 |      16 |      11 |  40.7 |      11 |       4 |  26.7
        D:2 |       2 |       0 |   0.0 |       1 |       0 |   0.0
        D:3 |       9 |       0 |   0.0 |       6 |       0 |   0.0
        D:4 |      63 |       0 |   0.0 |       5 |       0 |   0.0
            +---------+---------+-------+---------+---------+-------
